[ AOE2 MATCH · #507387449 ]
UnrankedPoles vs Malay
Player's team · WIN
Rival team · LOSS
[ REPLAY ANALYSIS · EXTRACTED FROM THE RECORDED GAME ]
Feudal
—
Castle
—
Imperial
—
| APM avg | 84.2 |
| APM peak | 110 |
| eAPM avg | 22.0 |
| Villagers / military | 25 / 4 |
Focus
⚔️ 29.2% · 🌾 70.8%
Militia ×4
Feudal
—
Castle
—
Imperial
—
| APM avg | 60.7 |
| APM peak | 87 |
| eAPM avg | 14.2 |
| Villagers / military | 20 / 0 |
Focus
⚔️ 17.0% · 🌾 83.0%
Match map
Initial resources + every placement click. Lines = walls · curves = elevation contours. ◆ gold · ⬟ stone · ● berries · ✦ relic · ◌ wall gap
Your base
shy_Ri's base
Smoothed initial terrain · ◌ = detected wall gap · hover for details
Inputs per minute
— JOJO ROAD ROLLER - - shy_Ri
Build order — JOJO ROAD ROLLER
33 actions detected in the replay
| 0:00 | Create | Villager (Male) ×4 |
| 0:01 | Create | Villager (Male) ×4 |
| 0:02 | Build | House |
| 0:02 | Build | House |
| 0:05 | Build | House |
| 1:14 | Create | Villager (Male) |
| 1:43 | Create | Villager (Male) |
| 2:31 | Create | Villager (Male) |
| 2:31 | Create | Villager (Male) |
| 2:45 | Build | Barracks |
| 2:49 | Create | Villager (Male) |
| 3:15 | Create | Villager (Male) |
| 3:27 | Build | House |
| 3:36 | Create | Villager (Male) |
| 3:45 | Create | Militia |
| 3:47 | Create | Villager (Male) |
| 4:10 | Create | Militia |
| 4:14 | Build | House |
| 4:32 | Create | Villager (Male) |
| 4:43 | Create | Militia |
| 4:43 | Create | Militia |
| 4:57 | Create | Villager (Male) |
| 5:22 | Create | Villager (Male) |
| 5:26 | Create | Villager (Male) |
| 5:49 | Create | Villager (Male) |
| 6:11 | Build | Mill |
| 6:15 | Create | Villager (Male) |
| 6:43 | Create | Villager (Male) |
| 6:56 | Create | Villager (Male) |
| 7:31 | Create | Villager (Male) |
| 7:45 | Build | Lumber Camp |
| 8:40 | Research | Loom |
| 8:42 | Research | Feudal Age |
Build order — shy_Ri
32 actions detected in the replay
| 0:01 | Create | Villager (Male) |
| 0:02 | Build | House |
| 0:02 | Build | House |
| 0:08 | Create | Villager (Male) ×3 |
| 1:22 | Build | Mill |
| 1:29 | Create | Villager (Male) |
| 2:01 | Create | Villager (Male) |
| 2:31 | Create | Villager (Male) |
| 2:31 | Create | Villager (Male) |
| 2:46 | Create | Villager (Male) |
| 3:13 | Create | Villager (Male) |
| 3:41 | Create | Villager (Male) |
| 3:50 | Build | House |
| 3:50 | Create | Villager (Male) |
| 3:51 | Create | Villager (Male) |
| 4:41 | Create | Villager (Male) |
| 5:08 | Create | Villager (Male) |
| 5:28 | Build | Barracks |
| 5:34 | Create | Villager (Male) |
| 5:56 | Build | House |
| 6:03 | Create | Villager (Male) |
| 6:21 | Create | Villager (Male) |
| 6:33 | Build | Lumber Camp |
| 6:42 | Research | Loom |
| 6:42 | Research | Loom |
| 6:42 | Research | Loom |
| 6:42 | Research | Loom |
| 7:15 | Create | Villager (Male) |
| 7:39 | Create | Villager (Male) |
| 8:05 | Build | Mining Camp |
| 8:45 | Research | Feudal Age |
| 8:45 | Research | Feudal Age |
Match timeline
| 2:45 | JOJO ROAD ROLLER · first_building Barracks |
| 5:28 | shy_Ri · first_building Barracks |
| 8:53 | shy_Ri · resign |
[ AI ANALYSIS · 1 CREDIT ]
What really happened in this match?
Wolo.gg analyzes every decision: build order, eco, micro, common mistakes by bracket. Personalized analysis on WhatsApp or Discord in 30 seconds.
Civ guide
Poles
Perfil
Jugador #12249685